AoeStats
← kV0t3

Arabia

508794501Analyzed
1v1 RM · 8d ago on Sep 24, 2026· 37m 25s· 2 players
Game mode
Random Map
Map size
Tiny (2 player)
Population
200
Speed
Normal
Resources
Standard
Victory
Conquest
Starting age
Dark Age
Ending age
Imperial Age
RankedLock teamsTeams togetherTeam positionsShared explorationLock speedFull tech treeHidden civsTurbo modeCheats
Victory
Defeat
🇦🇷 Maya · Argentina
1220
+18
🇲🇽 Persians · Mexico
1263
-18
kV0t3
0:25 Loom
9:27 Feudal Age
9:32 Man-at-Arms
23:43 Castle Age
22:31 Double-Bit Axe
22:33 Horse Collar
25:33 Wheelbarrow
24:26 Eagle Warrior
25:52 Bow Saw
26:53 Scale Mail Armor
26:45 Arson
26:50 Pikeman
29:19 Chain Mail Armor
28:44 Crossbowman
29:55 Gold Mining
31:20 Fletching
32:00 Bodkin Arrow
32:52 Padded Archer Armor
34:43 Leather Archer Armor
36:15 Ballistics
Aralfiko
1:49 Loom
9:22 Feudal Age
9:19 Man-at-Arms
21:20 Double-Bit Axe
21:32 Fletching
26:41 Castle Age
26:33 Bloodlines
27:04 Long Swordsman
Connection lost

Rejoining the realm…

Still unreachable

The connection could not be restored.

Session expired

The server has moved on; the page needs a fresh start.